 Dungeon Crawl Stone Soup version 0.22.0-36-g8e74550 (webtiles) character file.

20 Monsterracer the Covered (level 2, -2/27 HPs)
             Began as a Minotaur Fighter on Aug 24, 2018.
             Slain by a frilled lizard (3 damage)
             ... on level 2 of the Dungeon.
             The game lasted 00:00:17 (235 turns).

Monsterracer the Covered (Minotaur Fighter)          Turns: 235, Time: 00:00:18

Health: -2/27      AC:  7    Str: 20    XL:     2   Next: 58%
Magic:  1/1        EV:  7    Int:  5    God:
Gold:   15         SH:  9    Dex:  9    Spells: 1/1 levels left

rFire    . . .     SeeInvis .   a - +0 war axe
rCold    . . .     Gourm    .   f - +0 shield
rNeg     . . .     Faith    .   b - +0 scale mail
rPois    .         Spirit   .   (helmet restricted)
rElec    .         Reflect  .   (no cloak)
rCorr    .         Harm     .   (no gloves)
MR       .....                  (no boots)
Stlth    ..........             (no amulet)
HPRegen  0.09/turn              (no ring)
MPRegen  0.07/turn              (no ring)

@: lethally poisoned (-2 -> -10)
A: retaliatory headbutt, horns 2
a: no special abilities


You were on level 2 of the Dungeon.
You were not hungry.

You visited 1 branch of the dungeon, and saw 2 of its levels.

You collected 15 gold pieces.

Inventory:

Hand Weapons
 a - a +0 war axe (weapon)
Armour
 b - a +0 scale mail (worn)
 f - a +0 shield (worn)
Scrolls
 e - a scroll of remove curse {unknown}
 g - a scroll of random uselessness {unknown}
 h - a scroll of fog {unknown}
 i - a scroll of fear {unknown}
Potions
 d - a potion of might
Comestibles
 c - a ration


   Skills:
 + Level 3.9 Fighting
 * Level 3.1 Axes
 + Level 3.9 Armour
 + Level 3.9 Shields


You had one spell level left.
You didn't know any spells.
Your spell library was empty.

Dungeon Overview and Level Annotations

Branches:
Dungeon (2/15)

Altars:


Innate Abilities, Weirdness & Mutations

You reflexively headbutt those who attack you in melee.
You have a pair of horns on your head.


Message History

You slash the frilled lizard!
You kill the frilled lizard!
You now have 15 gold pieces (gained 4).
You see here a frilled lizard corpse.
Key pressed, stopping explore.
No target in view!
No target in view!
There is a stone staircase leading up here.
A bat comes into view.
You block the bat's attack.
A bat is nearby!
You closely miss the bat. Your headbutt misses the bat.
The bat closely misses you. The bat hits you but does no damage.
You miss the bat. You headbutt the bat.
You kill the bat!
No target in view!
You see here a bat corpse.
An adder comes into view.
The adder hisses angrily.
An adder is nearby!
An adder is nearby!
You miss the adder. Your headbutt misses the adder.
You block the adder's attack. The adder bites you but does no damage.
You closely miss the adder. Your headbutt misses the adder.
The adder barely misses you. You furiously retaliate!
You headbutt the adder! The adder barely misses you.
An adder is nearby!
You closely miss the adder.
The adder is heavily wounded.
The adder bites you.
You are poisoned.
The adder poisons you! The adder bites you but does no damage.
You take 2 damage, and have 25/27 hp.
An adder is nearby!
You closely miss the adder.
The adder is heavily wounded.
You feel sick. The adder bites you but does no damage. The adder bites you.
You take 2 damage, and have 23/27 hp.
You miss the adder. Your headbutt misses the adder.
The adder is heavily wounded.
You feel sick. The adder bites you.
You are more poisoned.
The adder poisons you! The adder closely misses you. You furiously retaliate!
You headbutt the adder.
An adder is nearby!
You take 3 damage, and have 20/27 hp.
You closely miss the adder.
The adder is almost dead.
You feel sick. You block the adder's attack. The adder bites you.
You are more poisoned.
The adder poisons you!
You take 5 damage, and have 15/27 hp.
An adder is nearby!
You barely miss the adder.
The adder is almost dead.
You feel sick. The adder bites you. The adder bites you but does no damage.
You take 3 damage, and have 12/27 hp.
An adder is nearby!
You closely miss the adder.
The adder is almost dead.
You feel sick. The adder bites you but does no damage. The adder bites you.
You are more poisoned.
The adder poisons you!
You take 3 damage, and have 9/27 hp.
You hit the adder.
You kill the adder!
Your Axes skill increases to level 3!
* * * LOW HITPOINT WARNING * * *
You feel sick.
You take 2 damage, and have 7/27 hp.
* * * LOW HITPOINT WARNING * * *
You feel sick.
You see here an adder corpse.
You take 1 damage, and have 6/27 hp.
A frilled lizard comes into view.
* * * LOW HITPOINT WARNING * * *
You feel sick.
The frilled lizard hisses angrily.
Found a scroll labeled FEUMUX ZODUWE.
You take 1 damage, and have 5/27 hp.
* * * LOW HITPOINT WARNING * * *
You feel sick.
You see here an adder corpse.
You take 1 damage, and have 4/27 hp.
* * * LOW HITPOINT WARNING * * *
You feel sick.
You take 1 damage, and have 3/27 hp.
An adder comes into view.
* * * LOW HITPOINT WARNING * * *
You feel sick.
The adder hisses angrily.
The frilled lizard closely misses you.
You take 1 damage, and have 2/27 hp.
You miss the frilled lizard.
Your headbutt misses the frilled lizard.
* * * LOW HITPOINT WARNING * * *
You feel sick.
The frilled lizard bites you but does no damage.
The frilled lizard bites you.
You die...

#..# #.# .#
#..##†#####.# #
####..........#
..
........#####...
...#####..######
#. #.......#
#.S####.#####.#
#..l.#†# #@..#
#.### #... #.#.#
#. .. .. #.. ..#
.. .. .#.


You could see an adder and a frilled lizard.

Vanquished Creatures
  An adder (D:2)
  2 bats (D:2)
  2 goblins
  2 hobgoblins (D:1)
  A frilled lizard (D:2)
  2 rats (D:1)
10 creatures vanquished.

Notes
Turn   | Place    | Note
-------+----------+-------------------------------------------
     0 | D:1      | Monsterracer the Minotaur Fighter began the quest for the Orb.
     0 | D:1      | Reached XP level 1. HP: 19/19 MP: 0/0
   150 | D:2      | Reached XP level 2. HP: 26/27 MP: 1/1
   235 | D:2      | HP: 1/27 [poisoned by an adder]
   235 | D:2      | Slain by a frilled lizard

Skill      XL: |  1  2 |
---------------+-------+-----
Axes           | 3 |  3.1
Fighting       | |  3.9
Armour         | |  3.9
Shields        | |  3.9

Action                   || total
-------------------------++-------
Melee: War axe           ||    36
       Headbutt          ||     3
Armor: Scale mail        ||    15
Dodge: Dodged            ||    10
Block: Shield            ||    12

Vault maps used:
D:1:      lightli_arrival_maybe_door_vault
D:2:      first_ration, serial_park_tiny_1, lemuel_statue_altar
